 Dungeon Crawl Stone Soup version 0.23.2-1-ga50397a6bc (webtiles) character file.

Game seed: 11695216755141379

51 GreaterElenko the Charmwright (level 3, -3/28 HPs)
             Began as a Vampire Skald on Apr 17, 2019.
             Slain by a hound (4 damage)
             ... on level 1 of the Dungeon.
             The game lasted 00:01:13 (637 turns).

GreaterElenko the Charmwright (Vampire Skald)        Turns: 637, Time: 00:01:13

Health: -3/28      AC:  3    Str: 11    XL:     3   Next: 57%
Magic:  0/6        EV: 12    Int: 15    God:
Gold:   37         SH:  0    Dex: 13    Spells: 3/6 levels left

rFire    . . .     SeeInvis +   a - +0 spear
rCold    . . .     Gourm    .   (no shield)
rNeg     + . .     Faith    .   b - +0 leather armour
rPois    .         Spirit   .   (no helmet)
rElec    .         Reflect  .   (no cloak)
rCorr    .         Harm     .   (no gloves)
MR       .....                  (no boots)
Stlth    +.........             (no amulet)
HPRegen  0.09/turn              (no ring)
MPRegen  0.10/turn              (no ring)

@: flying
A: fangs 3, see invisible, unbreathing
a: Bat Form


You were on level 1 of the Dungeon.
You were not thirsty.

You visited 1 branch of the dungeon, and saw 2 of its levels.

You collected 37 gold pieces.

Inventory:

Hand Weapons
 a - a +0 spear (weapon)
Armour
 b - a +0 leather armour (worn)
 g - a +1 robe of fire resistance
   (You took it off Jessica on level 2 of the Dungeon)
Scrolls
 c - a scroll of blinking {unknown}
 d - a scroll of magic mapping {unknown}
 e - a scroll of random uselessness {unknown}
Potions
 q - 11 potions of blood {@q0}


   Skills:
 + Level 2.3 Fighting
 * Level 2.9 Polearms
 - Level 0.7 Armour
 - Level 2.1 Dodging
 - Level 2.0 Spellcasting
 + Level 3.8 Charms


You had 3 spell levels left.
You knew the following spells:

 Your Spells              Type           Power        Failure   Level  Hunger
a - Infusion              Chrm           ##..         6%          1    #......
q - Shroud of Golubria    Chrm/Tloc      #.........   21%         2    ###....

Your spell library contained the following spells:

 Spells                   Type           Power        Failure   Level  Hunger
 Song of Slaying          Chrm           ##......     10%         2    ###....
 Regeneration             Chrm/Necr      #.........   38%         3    ###....
 Spectral Weapon          Hex/Chrm       #.......     38%         3    ###....


Dungeon Overview and Level Annotations

Branches:
Dungeon (2/15)

Altars:


Innate Abilities, Weirdness & Mutations

You have razor-sharp teeth.
You have supernaturally acute eyesight. (SInv)
You can survive without breathing.


Message History

No target in view!
No target in view!
No target in view!
f - a puce potion
q - 12 potions of blood {@q0} (gained 1)
You see here a +1 robe of fire resistance.
A hound comes into view.
g - a +1 robe of fire resistance The hound barks!
You are no longer magically infusing your attacks.
The hound completely misses you.
Things that are here:
a +0 club; a quokka corpse x2
You closely miss the hound. The hound bites you.
You barely miss the hound. The hound bites you. x2
You barely miss the hound. The hound bites you.
* * * LOW HITPOINT WARNING * * *
A frilled lizard comes into view.
You begin infusing your attacks with magical energy.
The frilled lizard hisses angrily.
The hound barely misses you. The hound bites you but does no damage.
Unknown command.
You miss the hound. You bite the hound, but do no damage. The hound bites you.
* * * LOW HITPOINT WARNING * * *
The hound bites you.
* * * LOW HITPOINT WARNING * * *
The hound bites you but does no damage.
There is a stone staircase leading up here.
Unknown command.
It was a potion of flight.
You feel very buoyant.
You fly up into the air.
Your magical infusion is running out.
The hound closely misses you.
Yummy - fresh blood!
The hound completely misses you. The hound bites you but does no damage.
Unknown command.
The hound bites you.
* * * LOW HITPOINT WARNING * * *
You fly upwards.
There is a stone staircase leading down here.
The hound bites you.
* * * LOW HITPOINT WARNING * * *
The hound completely misses you.
You are no longer magically infusing your attacks.
Unknown command.
The hound barely misses you.
Space distorts slightly along a thin shroud covering your body.
The hound bites you.
You die...

#.##.########### #.#
#..............# #.#
#.######.#####.# #.# #.#
##.#####.######## #.#
..#
###...#...........####.#
#.#
#..............##......#
#.#
#.#...#.##..>...######.#
..###.##.##.######..#
#.#
................@h..#
#.#
.#####.#.##.##..[..##
#.# .# #.#.##.##.#####
#####.### .# #.#.##....#
##.......# .#
#.#.#.###.#
###....###.### .#
#.....# #.# #......#
#...# .#######.#.###.#
#.#....###.#.#
.%.............#
#.##.#.....#.#
.########.#..#.#
#.##.###.###>#


You could see a hound.

Vanquished Creatures
  Jessica (D:2)
  2 dart slugs (D:1)
  A ball python (D:1)
  A giant cockroach (D:1)
  5 hobgoblins
  2 quokkas (D:2)
  A bat (D:1)
  3 frilled lizards (D:1)
  3 kobolds
  2 rats (D:1)
21 creatures vanquished.

Notes
Turn   | Place    | Note
-------+----------+-------------------------------------------
     0 | D:1      | GreaterElenko the Vampire Skald began the quest for the
                  | Orb.
     0 | D:1      | Reached XP level 1. HP: 16/16 MP: 3/3
   151 | D:1      | Reached XP level 2. HP: 22/22 MP: 5/5
   179 | D:1      | Learned a level 2 spell: Shroud of Golubria
   583 | D:2      | Noticed Jessica
   603 | D:2      | Killed Jessica
   603 | D:2      | Reached XP level 3. HP: 22/27 MP: 1/6
   633 | D:1      | HP: 1/28 [hound (2)]
   637 | D:1      | Slain by a hound

Skill      XL: |  1 |
---------------+----+-----
Polearms       | 2 |  2.9
Fighting       | 2 |  2.3
Armour         | |  0.7
Dodging        | |  2.1
Spellcasting   | |  2.0
Charms         | |  3.8

Action                   || total
-------------------------++-------
Melee: Spear             ||    90
       Bite              ||     6
 Cast: Infusion          ||     2
       Shroud of Golubri ||     1
  Use: Potion            ||     2
 Stab: Sleeping          ||     1
Armor: Leather armour    ||    13
Dodge: Dodged            ||    44
